 Dungeon Crawl Stone Soup version 0.22-a0-848-ge9e22a0 (webtiles) character file.

120959 Amnesiac the Earth Mage (level 16, -6/96 HPs)
             Began as a Mummy Earth Elementalist on July 27, 2018.
             Was the Champion of Vehumet.
             Mangled by a guardian serpent (9 damage)
             ... on level 3 of the Snake Pit.
             The game lasted 01:08:39 (30979 turns).

Amnesiac the Earth Mage (Mummy Earth Elementalist) Turns: 30979, Time: 01:08:40

Health: -6/96      AC: 12    Str: 13    XL:     16   Next: 31%
Magic:  1/39       EV: 13    Int: 20    God:    Vehumet [******]
Gold:   2605       SH:  5    Dex: 15    Spells: 29/53 levels left

rFire    . . .     SeeInvis .   a - staff of earth
rCold    + . .     Gourm    .   e - +0 buckler
rNeg     + + +     Faith    +   w - +2 robe {Archmagi}
rPois    ∞         Spirit   .   o - +1 hat
rElec    +         Reflect  .   z - +1 cloak of Starlight {rElec rC+ EV+4 Stlth--}
rCorr    .         Harm     .   y - +2 pair of gloves {Dex+3}
MR       +++..                  E - +1 pair of boots
Stlth    ..........             m - amulet of faith
HPRegen  0.26/turn              I - ring of fire
MPRegen  0.26/turn              t - ring of protection from magic

@: about to teleport, constricted
A: no food or potions, fire vulnerability, cold resistance 1, negative energy
resistance 3, torment resistance, unbreathing, in touch with death 1
a: Renounce Religion


You were on level 3 of the Snake Pit.
You worshipped Vehumet.
Vehumet was exalted by your worship.
You were not hungry.

You visited 5 branches of the dungeon, and saw 23 of its levels.
You also visited: Ice Cave.

You collected 2605 gold pieces.

Inventory:

Missiles
 b - 331 stones (quivered)
 r - 556 arrows
Armour
 e - a +0 buckler (worn)
 o - a +1 hat (worn)
 w - a +2 robe of the Archmagi (worn)
 y - a +2 pair of gloves of dexterity (worn)
 z - the +1 cloak of Starlight (worn) {rElec rC+ EV+4 Stlth--}
   (You found it on level 7 of the Dungeon)

   It affects your evasion (+4).
   It protects you from cold.
   It insulates you from electricity.
   It makes you much less stealthy.
 E - a +1 pair of boots (worn)
Magical Staves
 a - an uncursed staff of earth (weapon)
Jewellery
 h - an uncursed ring of see invisible
 m - an amulet of faith (around neck)
 t - a ring of protection from magic (right hand)
 B - an uncursed ring of protection from magic
 I - a ring of fire (left hand)
Wands
 g - a wand of random effects (73)
 i - a wand of scattershot (8)
 j - a wand of polymorph (11)
 q - a wand of acid (6)
 u - a wand of paralysis (31)
 C - a wand of enslavement (30)
 F - a wand of disintegration (27)
 G - a wand of digging (8)
 H - a wand of clouds (4)
 K - a wand of iceblast (15)
 L - a wand of flame (99)
Scrolls
 d - 3 scrolls of blinking {!r}
 f - 15 scrolls of identify {!r}
 k - a scroll of torment {!r}
 l - 4 scrolls of fog {!r}
 n - 9 scrolls of remove curse {!r}
 s - 6 scrolls of enchant weapon {!r}
 v - 15 scrolls of teleportation {!r}
 x - a scroll of brand weapon {!r}
 D - 3 scrolls of magic mapping {!r}
 J - a scroll of enchant armour {!r}
Potions
 c - 4 potions of mutation {!q}
Miscellaneous
 p - a phantom mirror


   Skills:
 - Level 1.5 Dodging
 - Level 1.5 Stealth
 - Level 4.0 Shields
 + Level 19.0 Spellcasting
 - Level 0.7 Transmutations
 * Level 19.0 Earth Magic


You had 29 spell levels left.
You knew the following spells:

 Your Spells              Type           Power        Failure   Level  Hunger
a - Stone Arrow           Conj/Erth      ######       1%          3    N/A
b - Passwall              Tmut/Erth      #######.     1%          2    N/A
c - Sandblast             Erth           ######       0%          1    N/A
d - Lee's Rapid Deconstr  Erth           ########..   1%          5    N/A
e - Petrify               Tmut/Erth      #######.     1%          4    N/A
f - Shatter               Erth           ########..   28%         9    N/A

Your spell library contained the following spells:

 Spells                   Type           Power        Failure   Level  Hunger
 Slow                     Hex            ####....     4%          2    N/A
 Mephitic Cloud           Conj/Pois/Air  ####....     2%          3    N/A
 Venom Bolt               Conj/Pois      ####......   19%         5    N/A
 Olgreb's Toxic Radiance  Pois           ####....     7%          4    N/A
 Summon Small Mammal      Summ           ####         2%          1    N/A
 Summon Ice Beast         Ice/Summ       ####....     26%         4    N/A
 Call Imp                 Summ           ####....     4%          2    N/A
 Sting                    Conj/Pois      ####         1%          1    N/A
 Tukima's Dance           Hex            ####....     9%          3    N/A
 Spider Form              Tmut/Pois      ####......   7%          3    N/A
 Blade Hands              Tmut           ####......   50%         5    N/A
 Ice Form                 Ice/Tmut       ####....     24%         4    N/A
 Sticks to Snakes         Tmut           ####....     3%          2    N/A
 Call Canine Familiar     Summ           ####....     9%          3    N/A
 Ensorcelled Hibernation  Hex/Ice        ####..       4%          2    N/A
 Simulacrum               Ice/Necr       #####.....   99%         6    N/A
 Inner Flame              Hex/Fire       #####...     2%          3    N/A
 Beastly Appendage        Tmut           ####..       1%          1    N/A
 Fulminant Prism          Conj/Hex       ####......   7%          4    N/A
 Summon Lightning Spire   Summ/Air       ####....     26%         4    N/A
 Summon Guardian Golem    Hex/Summ       ####....     9%          3    N/A
 Poisonous Vapours        Pois/Air       ####..       4%          2    N/A

Dungeon Overview and Level Annotations

Branches:
Dungeon (11/15)            Temple (1/1) D:6            Lair (6/6) D:9
 Shoals (0/4) Lair:4        Snake (3/4) Lair:2        Slime (0/5) Lair:6
    Orc (2/2) D:10            Elf (0/3) Orc:2

Altars:
Ashenzari
Dithmenos
Elyvilon
Fedhas
Gozag
Makhleb
Okawaru
Qazlal
Ru
Sif Muna
Trog
Uskayaw
Vehumet
Xom
Zin
The Shining One
Beogh
Jiyva

Shops:
D:8 !   Orc:2 *}!%   Snake:3 =(

Annotations:
Snake:1 Fehiuph's ghost, adept MiBe


Innate Abilities, Weirdness & Mutations

You do not eat or drink.
Your flesh is vulnerable to fire.
You are immune to poison.
Your flesh is cold resistant. (rC+)
You are immune to negative energy. (rN+++)
You are immune to unholy pain and torment.
You can survive without breathing.
You are in touch with the powers of death.


Message History

You start resting.
The naga ritualist is too close now for your liking.
A black mamba and a mana viper come into view.
The mana viper hisses angrily.
The black mamba hisses angrily.
You hear an angry hiss.
A black mamba comes into view.
The naga ritualist barely misses you. The naga ritualist grabs you.
The naga ritualist constricts you.
Things that are here:
a short sword; a robe; a naga corpse You barely miss the naga ritualist.
The naga ritualist is moderately wounded.
A naga warrior comes into view. It is wielding a flail.
The mana viper bites you.
You feel your power leaking away.
The naga ritualist hits you with a dagger of venom.
The naga ritualist constricts you.
You hit the naga ritualist but do no damage.
The naga ritualist is moderately wounded.
The mana viper bites you but does no damage.
The naga ritualist spits poison at you. The splash of poison hits you!
You resist. The naga ritualist constricts you.
You escape the naga ritualist's grasp.
A naga comes into view. It is wielding a trident.
A guardian serpent comes into view.
The guardian serpent shouts!
You hear a shout! x2
You closely miss the naga warrior. You hit the naga warrior.
The naga warrior is lightly wounded.
The naga warrior hits you with a flail! The naga warrior grabs you.
The naga warrior constricts you.
Casting: Lee's Rapid Deconstruction (safe; 1% risk of failure)
Confirm with . or Enter, or press ? or * to list all spells.
Aiming: Passwall (safe; 1% risk of failure)
Press: ? - help, Dir - move target cursor A rock wall.
You feel a strong surge of power! The naga warrior loses its grip on you.
The naga ritualist hits you but does no damage.
The naga ritualist grabs you.
Your meditation is interrupted.
* * * LOW HITPOINT WARNING * * *
The naga ritualist constricts you.
Unknown command.
Unknown command.
Really read
v - 16 scrolls of teleportation {!r}?
As you read the scroll of teleportation {!r}, it crumbles to dust.
You feel strangely unstable.
You block the guardian serpent's attack.
The naga ritualist hits you but does no damage.
The naga ritualist constricts you. The guardian serpent hits you!!
* * * LOW HITPOINT WARNING * * *
The guardian serpent coils itself and waves its upper body at you.
You resist with almost no effort. The naga ritualist spits poison at you.
The splash of poison hits you! You resist. The naga ritualist constricts you.
The guardian serpent hits you!
* * * LOW HITPOINT WARNING * * *
The naga ritualist barely misses you. The naga ritualist constricts you.
The guardian serpent hits you!
* * * LOW HITPOINT WARNING * * *
The naga ritualist barely misses you.
* * * LOW HITPOINT WARNING * * *
The naga ritualist constricts you. The guardian serpent hits you!
You die...

#.........# #.
###...##### '..
##.#.## #...
##.....### ...#
##........# .N#
##.........#
#N#####..........##
#SN#...........###
#@#)............#.
###NS.........#...
#.S.÷........###.
#..)..##........## ##
......# ##.......#####
####..######....÷#.#.#
#...#...##†....#).##
..##.............†###
.## .........#....#..


You could see a naga warrior, a naga ritualist, a guardian serpent and a naga.

Vanquished Creatures
  Bai Suzhen (Snake:3)
  A nagaraja (Snake:2)
  Aizul (Snake:1)
  Louise (Snake:1)
  3 orc warlords
  A very ugly thing (D:8)
  An ettin (Orc:2)
  A fire dragon (Lair:6)
  6 naga warriors
  8 hydras
  8 anacondas
  5 two-headed ogres
  A centaur warrior (Orc:2)
  An alligator (Lair:6)
  4 shock serpents
  The ghost of Aviak the Fighter, a novice MiBe of Trog (D:7)
  A naga sharpshooter (Snake:3)
  Urug (Lair:5)
  A salamander mystic (Snake:2)
  2 naga ritualists
  A swamp dragon (Lair:6)
  3 sea snakes (Snake:2)
  Pikel (D:4)
  A necromancer (IceCv)
  5 mana vipers
  4 salamanders
  4 orc knights
  6 orc sorcerers
  A salamander (shapeshifter) (D:8)
  6 ugly things
  2 cyclopes
  11 elephants
  23 black mambas
  2 guardian serpents (Snake:3)
  2 ice statues (IceCv)
  9 naga magi
  7 rime drakes
  A gargoyle (D:11)
  10 spiny frogs
  8 komodo dragons
  5 ice devils (IceCv)
  A jumping spider (shapeshifter) (D:8)
  10 polar bears (Lair:6)
  5 trolls
  A raiju (Lair:6)
  9 hippogriffs
  7 dream sheep (Lair:4)
  37 blink frogs
  2 vampires (D:10)
  2 basilisks
  4 wyverns
  A fire bat (shapeshifter) (D:8)
  28 yaks
  A steam dragon (Lair:6)
  A vampire mosquito (D:7)
  A neqoxec (D:8)
  2 hungry ghosts (D:7)
  18 nagas
  24 wargs
  9 porcupines
  8 water moccasins
  14 hell hounds (Lair:6)
  3 swamp drakes (Lair:6)
  12 black bears
  48 orc warriors
  5 sky beasts
  3 slaves (D:4)
  2 eyes of draining
  4 ice beasts
  A necrophage (D:10)
  2 phantoms
  9 ogres
  22 wolves
  16 centaurs
  17 crocodiles
  3 big kobolds
  21 bullfrogs
  2 scorpions
  18 killer bees
  6 wights
  2 electric eels (Snake:2)
  2 vampire bats (D:7)
  4 howler monkeys
  A bullfrog zombie (D:7)
  8 crimson imps
  3 centaur zombies
  A draconian simulacrum (IceCv)
  4 jellies
  3 bullfrog skeletons
  7 hounds
  17 orc wizards
  21 orc priests
  4 centaur skeletons
  4 iguanas
  4 troll simulacra (IceCv)
  8 worker ants
  A spriggan simulacrum (IceCv)
  A hound zombie (D:7)
  2 hound skeletons
  2 worker ant zombies
  11 gnolls
  8 adders
  2 naga simulacra (IceCv)
  2 ogre simulacra (IceCv)
  4 shadow imps
  2 oozes
  An adder zombie (D:9)
  2 adder skeletons (D:7)
  2 worms (D:2)
  4 dart slugs
  10 leopard geckos
  125 orcs
  4 giant cockroaches
  5 hobgoblins
  3 jackals
  4 quokkas
  14 bats
  12 frilled lizards
  5 goblins
  A jackal skeleton (D:9)
  15 kobolds
  2 quokka skeletons
  2 quokka zombies (D:5)
  4 rats
  4 fungi
  3 plants (Lair:6)
890 creatures vanquished.

Vanquished Creatures (others)
  An orc warrior (D:5)
  An ogre (D:5)
  An orc wizard (D:5)
  An adder (D:5)
  An orc (D:5)
  A jackal skeleton (D:4)
  28 fungi
  45 plants
79 creatures vanquished.

Grand Total: 969 creatures vanquished

Notes
Turn   | Place    | Note
-------+----------+-------------------------------------------
     0 | D:1      | Amnesiac the Mummy Earth Elementalist began the quest for the Orb.
     0 | D:1      | Reached XP level 1. HP: 13/13 MP: 4/4
   337 | D:2      | Reached XP level 2. HP: 14/19 MP: 1/5
   341 | D:2      | Learned a level 2 spell: Passwall
   457 | D:3      | Reached XP level 3. HP: 12/24 MP: 2/7
   552 | D:3      | Reached XP level 4. HP: 16/30 MP: 2/9
   660 | D:3      | Learned a level 3 spell: Stone Arrow
   665 | D:3      | Learned a level 4 spell: Petrify
   700 | D:3      | Reached XP level 5. HP: 34/35 MP: 5/11
  1160 | D:4      | Noticed a slave
  1160 | D:4      | Noticed a slave
  1171 | D:4      | Noticed Pikel
  1203 | D:4      | Killed a slave
  1212 | D:4      | Killed a slave
  1432 | D:4      | Noticed a slave
  1446 | D:4      | Killed a slave
  1447 | D:4      | Noticed a slave
  1454 | D:4      | Killed Pikel
  1454 | D:4      | Reached XP level 6. HP: 19/41 MP: 0/15
  1454 | D:4      | Reached XP level 7. HP: 21/46 MP: 0/16
  1462 | D:4      | Learned a level 5 spell: Lee's Rapid Deconstruction
  1829 | D:5      | Entered Level 5 of the Dungeon
  1994 | D:5      | Found a shimmering altar of Xom.
  2244 | D:5      | Got a faintly glowing tin ring
  2366 | D:5      | Reached XP level 8. HP: 34/52 MP: 18/18
  2595 | D:6      | Found a shattered altar of Ashenzari.
  3048 | D:6      | Found a staircase to the Ecumenical Temple.
  3072 | Temple   | Entered the Ecumenical Temple
  3093 | Temple   | Became a worshipper of Vehumet
  3155 | D:6      | Identified the ring "Niomyqek" {*Corrode rPois rN+++ Dex-3 SInv} (You found it on level 5 of the Dungeon)
  3703 | D:2      | Reached * piety under Vehumet
  3703 | D:2      | Offered knowledge of Shock by Vehumet.
  3738 | D:2      | Found a white marble altar of Elyvilon.
  4630 | D:6      | Reached ** piety under Vehumet
  4630 | D:6      | Offered knowledge of Freeze by Vehumet.
  4974 | D:7      | Reached XP level 9. HP: 47/57 MP: 21/21
  5234 | D:7      | Offered knowledge of Dazzling Spray by Vehumet.
  5392 | D:7      | Reached *** piety under Vehumet
  5582 | D:7      | Offered knowledge of Sticky Flame by Vehumet.
  5597 | D:7      | Found a runed door.
  5742 | D:7      | Found the +7 great mace "Undeadhunter" {disrupt, rN+}
  5744 | D:7      | Reached skill level 10 in Earth Magic
  5744 | D:7      | Reached skill level 10 in Spellcasting
  5744 | D:7      | Noticed a cyclops
  5745 | D:7      | Killed a cyclops
  5745 | D:7      | Reached XP level 10. HP: 63/63 MP: 17/24
  5763 | D:7      | Found the +1 cloak of Starlight {rElec rC+ EV+4 Stlth--}
  5772 | D:7      | Got an ichor-stained spear
  5809 | D:7      | Identified the +6 spear "Killer Klown's Foe" {venom, *Contam Str+6 Int+4 Dex-4} (You found it on level 7 of the Dungeon)
  5867 | D:7      | Found a runed door.
  6263 | D:8      | Found Dipsulitee's Distillery.
  6316 | D:8      | Noticed a two-headed ogre
  6324 | D:8      | Killed a two-headed ogre
  6337 | D:8      | Reached **** piety under Vehumet
  6595 | D:8      | Found a runed gate.
  6595 | D:8      | Found a runed gate.
  6596 | D:8      | Found a runed gate.
  6611 | D:8      | Found a burning altar of Makhleb.
  6741 | D:8      | Offered knowledge of Olgreb's Toxic Radiance by Vehumet.
  7017 | D:8      | Noticed a white ugly thing
  7017 | D:8      | Noticed a white ugly thing
  7019 | D:8      | Noticed a green very ugly thing
  7020 | D:8      | Noticed a cyan ugly thing
  7020 | D:8      | Noticed a green ugly thing
  7040 | D:8      | Killed a white ugly thing
  7041 | D:8      | Killed a green ugly thing
  7041 | D:8      | Killed a white ugly thing
  7042 | D:8      | Killed a green very ugly thing
  7042 | D:8      | Reached XP level 11. HP: 48/68 MP: 20/26
  7044 | D:8      | Killed a green ugly thing
  7137 | D:8      | Found a runed gate.
  7137 | D:8      | Found a runed gate.
  7141 | D:8      | Found a runed gate.
  7144 | D:8      | Noticed Aviak's ghost (novice MiBe)
  7523 | D:7      | Killed Aviak's ghost
  7871 | D:9      | Noticed a two-headed ogre
  7875 | D:9      | Killed a two-headed ogre
  7952 | D:9      | Found a staircase to the Lair.
  8059 | D:9      | Reached ***** piety under Vehumet
  8198 | D:9      | Offered knowledge of Bolt of Magma by Vehumet.
  8373 | D:10     | Entered Level 10 of the Dungeon
  8401 | D:10     | Noticed a two-headed ogre
  8409 | D:10     | Killed a two-headed ogre
  8538 | D:10     | Found a hide-covered altar of Uskayaw.
  8828 | D:10     | Found an opulent altar of Gozag.
  8828 | D:10     | Noticed a cyan ugly thing
  8835 | D:10     | Killed a cyan ugly thing
  9091 | D:10     | Noticed an orc knight
  9374 | D:10     | Killed an orc knight
  9527 | D:10     | Reached XP level 12. HP: 41/74 MP: 29/29
 10473 | D:10     | Reached skill level 1 in Shields
 11174 | D:10     | Found a staircase to the Orcish Mines.
 11859 | D:11     | Found a glowing golden altar of the Shining One.
 11961 | D:11     | Offered knowledge of Poison Arrow by Vehumet.
 12001 | D:11     | Noticed a two-headed ogre
 12027 | D:11     | Killed a two-headed ogre
 12074 | D:11     | Noticed a two-headed ogre
 12085 | D:11     | Killed a two-headed ogre
 12658 | Orc:1    | Entered Level 1 of the Orcish Mines
 12903 | Orc:2    | Entered Level 2 of the Orcish Mines
 12966 | Orc:2    | Found a staircase to the Elven Halls.
 13221 | Orc:2    | Noticed an ettin
 13230 | Orc:2    | Killed an ettin
 13755 | Orc:2    | Noticed a centaur warrior
 13756 | Orc:2    | Killed a centaur warrior
 13756 | Orc:2    | Gained mutation: You are in touch with the powers of death. [Mummy growth]
 13756 | Orc:2    | Reached XP level 13. HP: 64/79 MP: 11/31
 13889 | Orc:1    | Noticed an orc warlord
 14274 | Orc:2    | Reached ****** piety under Vehumet
 14274 | Orc:2    | Noticed an orc warlord
 14457 | Orc:2    | Offered knowledge of Fireball by Vehumet.
 14931 | Orc:2    | Killed an orc warlord
 15998 | Orc:2    | Found Vuluvyush's Gadget Boutique.
 15998 | Orc:2    | Found Zeufioqu's Distillery.
 16000 | Orc:2    | Found Dothoz's Food Shoppe.
 16002 | Orc:2    | Found Viuxtina's General Store.
 16182 | Orc:1    | Reached skill level 15 in Spellcasting
 16182 | Orc:1    | Reached skill level 15 in Earth Magic
 16256 | Orc:1    | Killed an orc warlord
 16261 | Orc:1    | Offered knowledge of Ozocubu's Refrigeration by Vehumet.
 16760 | Orc:1    | Noticed an orc warlord
 16791 | Orc:1    | Killed an orc warlord
 16884 | Orc:1    | Found a roughly hewn altar of Beogh.
 17319 | Lair:1   | Entered Level 1 of the Lair of Beasts
 18440 | Lair:2   | Found a frozen archway.
 18447 | IceCv    | Entered an ice cave
 19394 | Lair:2   | Found a staircase to the Snake Pit.
 19787 | Lair:3   | Reached XP level 14. HP: 85/85 MP: 14/33
 20154 | Lair:3   | Offered knowledge of Orb of Destruction by Vehumet.
 21608 | Lair:4   | Found a staircase to the Shoals.
 22144 | Lair:5   | Offered knowledge of Spellforged Servitor by Vehumet.
 22287 | Lair:5   | Noticed Urug
 22291 | Lair:5   | Killed Urug
 22390 | Lair:5   | Identified Fob Nodgh's Volume of Ice and Curses
 22416 | Lair:5   | Got a warped hunting sling
 22417 | Lair:5   | Identified the +6 hunting sling "Ucwuitid" {freeze, +Fly rF+ Int-4 Dex+5} (You found it on level 5 of the Lair of Beasts)
 23142 | Lair:6   | Entered Level 6 of the Lair of Beasts
 24321 | Lair:6   | Reached XP level 15. HP: 90/90 MP: 27/36
 24729 | Lair:6   | Offered knowledge of Conjure Ball Lightning by Vehumet.
 25617 | Lair:6   | Found a viscous altar of Jiyva.
 25625 | Lair:6   | Found a staircase to the Slime Pits.
 26551 | Lair:6   | Identified a scroll of acquirement {!r}
 26690 | Snake:1  | Entered Level 1 of the Snake Pit
 26843 | Snake:1  | Noticed Aizul
 26850 | Snake:1  | Killed Aizul
 27063 | Snake:1  | Noticed Louise
 27071 | Snake:1  | Killed Louise
 27406 | Snake:1  | Found a runed door.
 27407 | Snake:1  | Noticed Fehiuph's ghost (adept MiBe)
 28302 | Snake:2  | Offered knowledge of Glaciate by Vehumet.
 28302 | Snake:2  | Offered knowledge of Shatter by Vehumet.
 28302 | Snake:2  | Offered knowledge of Tornado by Vehumet.
 28313 | Snake:2  | Learned a level 9 spell: Shatter
 28785 | Snake:2  | Noticed a nagaraja
 28788 | Snake:2  | Killed a nagaraja
 29249 | Snake:2  | Got a dazzling scale mail
 29584 | Snake:1  | Identified the cursed +1 scale mail of Diwieli {rF+ Str+2 Int+2 Dex-5} (You found it on level 2 of the Snake Pit)
 30075 | Snake:3  | Found Goklo's Jewellery Boutique.
 30079 | Snake:3  | Found Genar's Antique Weapon Shop.
 30096 | Snake:3  | Noticed Bai Suzhen
 30099 | Snake:3  | Killed Bai Suzhen
 30099 | Snake:3  | Reached XP level 16. HP: 96/96 MP: 18/38
 30979 | Snake:3  | HP: 3/96 [naga ritualist/dagger of venom (4)]
 30979 | Snake:3  | Mangled by a guardian serpent

Vault maps used:
D:1:      minmay_arrival_cross, minmay_pentomino_o4
D:2:      first_ration, elyvilon_altar_5
D:3:      minmay_mini_jars
D:4:      uniq_pikel
D:5:      minmay_misc_feat_tower, xom_confusion_cloud
D:6:      cheibrodos_ashenzari_chains, temple_pool_b, due_unseen_surprise
D:7:      minmay_the_grid_triangle_9x9_recursive_2, roderic_batcave,
          grunt_ogre_cave, st_stairs_4
D:8:      serial_shops, shop_statue,
          ploomutoo_gammafunk_ghost_potion_laboratory,
          makhleb_blood_cavern_becter
D:9:      lair_entry_dummy
D:10:     lemuel_castle_with_subvaults, david_orc_4, minivault_4,
          hangedman_feature_mirror, minmay_misc_feat_x
D:11:     basic_altar, serial_curves, eino_curves_03, eino_curves_04,
          eino_curves_02, eino_curves_02
Temple:   nicolae_temple_the_god_donut
Lair:1:   grunt_forest_small_clearings, st_stairs_11, lemuel_fruit_tree
Lair:2:   guppyfry_snake_entry_island, portal_ice_cave_entry_pillars_1
Lair:3:   grunt_megastairs_3
Lair:4:   elwin_shoals_entry_rooms
Lair:5:   uniq_urug
Lair:6:   hangedman_lair_caniforms_friends, guppyfry_lair_end_dragon,
          slime_altar_1, columned_hall_lemuel, grunt_megastairs_2
Snake:1:  ebering_ghost_inner_flame, uniq_louise, uniq_aizul
Snake:2:  serial_bayou_shore_a
Snake:3:  kennysheep_six_static_rooms, minmay_shoptagon, uniq_agnes,
          uniq_bai_suzhen, uniq_vashnia
Orc:1:    nicolae_orc_accident_2
Orc:2:    st_orc_rangers
IceCv:    ice_cave_tombish

Skill      XL: |  1  2  3  4  5  6  7  8  9 10 11 12 13 14 15 16 |
---------------+-------------------------------------------------+-----
Spellcasting   | 3 4 6 8 10 11 13 14 15 17 18 19 | 19.0
Earth Magic    | 3 4 6 8 10 11 13 14 15 17 18 19 | 19.0
Shields        | 4 |  4.0
Dodging        | |  1.5
Stealth        | |  1.5
Transmutations | |  0.7

Action                   |  1- 3 |  4- 6 |  7- 9 | 10-12 | 13-15 | 16-18 || total
-------------------------+-------+-------+-------+-------+-------+-------++-------
Melee: Whip              |    90 |    18 |       |       |       |       ||   108
       Unarmed           |     3 |       |       |       |       |       ||     3
       Flail             |       |    58 |   389 |       |       |       ||   447
       Spear             |       |       |       |   451 |   198 |       ||   649
       Staff             |       |       |       |       |     8 |    15 ||    23
 Cast: Sandblast         |    14 |    50 |    71 |    28 |     5 |       ||   168
       Lee's Rapid Decon |       |       |    33 |   203 |   491 |    52 ||   779
       Passwall          |       |       |     4 |       |     1 |     1 ||     6
       Petrify           |       |       |       |     7 |    72 |       ||    79
       Stone Arrow       |       |       |       |       |    97 |       ||    97
       Shatter           |       |       |       |       |     2 |     1 ||     3
Evoke: Wand              |       |       |     3 |    12 |    16 |       ||    31
  Use: Scroll            |       |       |     9 |     8 |    14 |     1 ||    32
 Stab: Sleeping          |     2 |       |     4 |       |       |       ||     6
       Distracted        |       |       |     1 |       |       |       ||     1
       Paralysed         |       |       |     4 |       |       |       ||     4
       Petrified         |       |       |       |       |    23 |       ||    23
       Petrifying        |       |       |       |       |     1 |       ||     1
Armor: Robe              |    27 |    29 |   213 |       |    56 |     9 ||   334
       Ring mail         |       |       |       |   129 |    19 |       ||   148
Dodge: Dodged            |    83 |    98 |   368 |   350 |   217 |    20 ||  1136
Block: Buckler           |       |       |       |     6 |    58 |     2 ||    66

Table legend:
 A = Spawn XP
 B = Non-spawn XP
 C = Spawn XP percentage of total XP
 D = Spawn monster count
 E = Non-spawn monster count
 F = Spawn count percentage of total count
 G = Total turns spent on level
                    A         B        C        D         E        F      G
               +---------+---------+-------+---------+---------+-------+---------
         Total |       0 |  172799 |   0.0 |       0 |     880 |   0.0 | 30979
               +---------+---------+-------+---------+---------+-------+---------
           D:1 |       0 |      56 |   0.0 |       0 |      20 |   0.0 |   690
           D:2 |       0 |      37 |   0.0 |       0 |      13 |   0.0 |   640
           D:3 |       0 |     333 |   0.0 |       0 |      36 |   0.0 |   838
           D:4 |       0 |     793 |   0.0 |       0 |       9 |   0.0 |   973
           D:5 |       0 |     579 |   0.0 |       0 |      21 |   0.0 |   801
           D:6 |       0 |     968 |   0.0 |       0 |      27 |   0.0 |   956
           D:7 |       0 |    4478 |   0.0 |       0 |      59 |   0.0 |  1465
           D:8 |       0 |    6463 |   0.0 |       0 |      29 |   0.0 |  1278
           D:9 |       0 |    2426 |   0.0 |       0 |      32 |   0.0 |  1199
          D:10 |       0 |    9840 |   0.0 |       0 |     110 |   0.0 |  2715
          D:11 |       0 |    6196 |   0.0 |       0 |      39 |   0.0 |  1132
        Temple |       0 |       3 |   0.0 |       0 |       1 |   0.0 |    47
        Lair:1 |       0 |    4399 |   0.0 |       0 |      18 |   0.0 |   714
        Lair:2 |       0 |    5044 |   0.0 |       0 |      25 |   0.0 |  1131
        Lair:3 |       0 |    8012 |   0.0 |       0 |      28 |   0.0 |  1199
        Lair:4 |       0 |    7555 |   0.0 |       0 |      34 |   0.0 |   944
        Lair:5 |       0 |    8228 |   0.0 |       0 |      28 |   0.0 |  1378
        Lair:6 |       0 |   30832 |   0.0 |       0 |     117 |   0.0 |  3222
       Snake:1 |       0 |    9513 |   0.0 |       0 |      12 |   0.0 |  1327
       Snake:2 |       0 |   18516 |   0.0 |       0 |      34 |   0.0 |  1630
       Snake:3 |       0 |   25185 |   0.0 |       0 |      39 |   0.0 |  1332
         Orc:1 |       0 |    7647 |   0.0 |       0 |      25 |   0.0 |  2137
         Orc:2 |       0 |   12199 |   0.0 |       0 |     106 |   0.0 |  2448
         IceCv |       0 |    3497 |   0.0 |       0 |      18 |   0.0 |   783
               +---------+---------+-------+---------+---------+-------+---------
